Workbook
Name Goals: 'goals '!$A$2:$A$6
Name Locations: schools!$A$2:$A$82
Name locations2: schools!$A$2:$A$82
Name Positins2: position!$A$2:$A$35
Name Position: position!$A$2:$A$35
Name unit: unit!$A$2:$A$8
Name units2: unit!$A$2:$A$8

Sheet Beginning of Year
A1: 4. Communication • Is effective in oral and written skills • Is able to communicate well to manage conflict and deal effectively with problem situations • Is tactful when handling situations and difficulties
B2: 20___ - 20___ Administrative / Clerical Central Office Employee Beginning of the Year Conversation: Evaluation Introduction
B3: Type Employee's Name (first and last)
B4: Type Employee's Unit
B5: Type Employee's Department
B6: Type Employee's Position
B7: Type Evaluator's Name (first and last)
B8: JP SCHOOLS ADMINISTRATIVE/CLERICAL PERFORMANCE INDICATORS
B9: Performance Indicator Evaluation Rating Scale
B10: (4) Highly Effective – Performance of employee noticeably exceeds established expectations and standards for effectiveness, efficiency and timeliness; outcomes are well above fully competent performance; performs above and beyond job duties, explores improved methods of accomplishing tasks; minimal room for improvement.
B11: (3) Effective: Proficient- Performance of employee is acceptable and standard results are achieved. Employee is fully capable in most aspects of job performance.
B12: (2) Effective: Emerging – Performance of employee is occasionally unacceptable. Counseling and training is necessary.
B13: (1) Ineffective – Performance of employee is consistently unacceptable. Counseling and training has not resulted in improved work performance.
... B15: Evaluator Instructions: Please review the JP SCHOOLS Administrative/Clerical Performance Indicators with your employee. Discuss how each indicator directly relates to their work. Also discuss the rating scale and share that during the End of Year Evaluations employees will be rated on each indicator, unless deemed "Not Applicable."
B16: Section One: Office Management Performance Indicators | G16: Select a Evaluation Rating (During this conversation this section is for reference only. It is not necessary to select a rating.)
B17: Ensures customer satisfaction is a priority for internal and external stakeholders.
B18: Stays current on relevant JPPSS policies that impact their Unit/Department’s area of work.
B19: Demonstrates advanced proficiency by adapting to new technology and acquiring new technical skills.
B20: Files and records are maintained in an orderly and systematic manner which can be used and understood by others in the employee’s absence.
B21: Ensures office supplies are sufficiently stocked.
B22: Maintains personnel documents concerning attendance, evaluations, related confidential matters, etc.
B23: Supports a positive work environment that promotes equity, courtesy, and respect for all staff, students, parents, and the JPPSS community.
B24: Insert a Site Specific Indicator
B25: Insert a Site Specific Indicator
B26: Overall Section One: Office Management Performance Indicators Ratings Total: | G26: =SUM(G17:I25) -> 0
B27: Overall Section One: Office Management Performance Indicators Ratings Average: | G27: =AVERAGE(G17:I25) -> #DIV/0!
B28: Section Two: Communication/Calendar Performance Indicators | G28: Select a Evaluation Rating (During this conversation this section is for reference only. It is not necessary to select a rating.)
B29: Communicates in a positive and effective manner with staff, students, co-workers, parents, and/or visitors.
B30: Ensures callers and visitors are provided with the correct information
B31: Responds to voicemail and emails within 1 business day.
B32: Maintains confidential information and communications in an ethical manner.
B33: Reports,records, and correspondence are prepared and distributed appropriately and timely.
A34: Works | B34: Works as a competent member of the team, willingly provides back-up support for co-workers, and actively supports group goals.
B35: Produces professional correspondence with appropriate grammar, punctuation, and spelling.
B36: Insert a Site Specific Indicator
B37: Insert a Site Specific Indicator
B38: Overall Section Two: Communication/Calendar Performance Indicators Ratings Total: | G38: =SUM(G29:I34) -> 0
B39: Overall Section Two: Communication/Calendar Performance Indicators Ratings Average: | G39: =AVERAGE(G29:I34) -> #DIV/0!
B40: Section Three: Work Management/Other Performance Indicators | G40: Select a Evaluation Rating (During this conversation this section is for reference only. It is not necessary to select a rating.)
B41: Processes data requests clearly and accurately .
B42: Balances conflicting priorities in order to manage workflow, ensure the completion of essential projects, and meet critical deadlines.
B43: Demonstrates a strong sense of personal responsibility for solving problems.
B44: Utilizes analytical skills and a broad understanding of the business to effectively interpret needs.
B45: Displays careful attention to detail and monitors all areas of own work to ensure quality.
B46: Exhibits skill and knowledge in the operation, use, and care of office equipment.
B47: Willingly accepts and applies suggestions for improvement.
B48: Insert a Site Specific Indicator
B49: Insert a Site Specific Indicator
B50: Overall Section Three: Work Management/Other Performance Indicators Ratings Total: | G50: =SUM(G41:I46) -> 0
B51: Overall Section Three: Work Management/Other Performance Indicators Ratings Average: | G51: =AVERAGE(G41:I46) -> #DIV/0!
B52: FINAL OVERALL SCORE
B53: Employee's final ratings are automatically calculated to generate the employee's Total Overall Rating.
B54: During this conversation this section is for reference only- no ratings should be populated. For the End of Year Evaluations, the evaluator's final ratings will be automatically calculated to generate the employee's Final Overall Score.
B55: 4.00-3.50 Highly Effective – Performance of employee noticeably exceeds established expectations and standards for effectiveness, efficiency and timeliness; outcomes are well above fully competent performance; performs above and beyond job duties, explores improved methods of accomplishing tasks; minimal room for improvement.
B56: 3.49-2.50 Effective: Proficient- Performance of employee is acceptable and standard results are achieved. Employee is fully capable in most aspects of job performance.
B57: 2.49-1.50 Effective: Emerging – Performance of employee is occasionally unacceptable. Counseling and training is necessary.
B58: 1.49-1.00 Ineffective – Performance of employee is consistently unacceptable. Counseling and training has not resulted in improved work performance.
B59: Section One: Office Management Average | D59: =$G$27 -> #DIV/0!
B60: Section Two: Communication/Calendar Average | D60: =$G$39 -> #DIV/0!
B61: Section Three: Work Management/Other Average | D61: =$G$51 -> #DIV/0!
B62: Evaluation Final Overall Score | D62: =AVERAGE(D59:I61) -> #DIV/0!
B63: COMMENTS
B64: Type any employee comments below:
B68: SIGNATURES AND NEXT STEPS
B69: Signing the printed copy does not necessarily indicate agreement with the evaluation.
B70: Print two copies of the completed form -one copy for the evaluator's records and one copy for your employee. Sign both printed forms and on the Beginning of the Year Conversation Worksheet. Submit the Beginning of the Year Conversation Worksheet to your Support Performance Team contact. Please keep the signed Beginning of the Year Conversation form in your employee records at your school /department/unit.
B71: Employee's signature:
B72: Date Beginning of the Year Completed:
B73: Evaluator's signature:
B74: Date Beginning of the Year Completed:

Sheet End of Year Evaluation
A1: 4. Communication • Is effective in oral and written skills • Is able to communicate well to manage conflict and deal effectively with problem situations • Is tactful when handling situations and difficulties
B2: 20___ - 20___ Administrative / Clerical Central Office Employee End of Year Evaluation
B3: Employee's Name (first and last) | C3: ='Beginning of Year'!$C$3 -> 0
B4: Employee's Unit | C4: ='Beginning of Year'!$C$4 -> 0
B5: Employee's Department | C5: ='Beginning of Year'!$C$5 -> 0
B6: Employee's Position | C6: ='Beginning of Year'!$C$6 -> 0
B7: Evaluator's Name (first and last) | C7: ='Beginning of Year'!$C$7 -> 0
B8: JP SCHOOLS ADMINISTRATIVE/CLERICAL PERFORMANCE INDICATORS
B9: Performance Indicator Evaluation Rating Scale
B10: (4) Highly Effective – Performance of employee noticeably exceeds established expectations and standards for effectiveness, efficiency and timeliness; outcomes are well above fully competent performance; performs above and beyond job duties, explores improved methods of accomplishing tasks; minimal room for improvement.
B11: (3) Effective: Proficient- Performance of employee is acceptable and standard results are achieved. Employee is fully capable in most aspects of job performance.
B12: (2) Effective: Emerging – Performance of employee is occasionally unacceptable. Counseling and training is necessary.
B13: (1) Ineffective – Performance of employee is consistently unacceptable. Counseling and training has not resulted in improved work performance.
B14: Not Applicable: Indicator does not apply to this position.
B15: Evaluator Instructions: Reflect on the employee's performance and in the End of Year Evaluation Ratings column, choose an appropriate rating for each Indicator. Please share specific evidence that supports the chosen ratings.
B16: Section One: Office Management Performance Indicators | G16: End of Year Evaluation Ratings
B17: ='Beginning of Year'!$B$17 -> Ensures customer satisfaction is a priority for internal and external stakeholders.
B18: ='Beginning of Year'!$B$18 -> Stays current on relevant JPPSS policies that impact their Unit/Department’s area of work.
B19: ='Beginning of Year'!$B$19 -> Demonstrates advanced proficiency by adapting to new technology and acquiring new technical skills.
B20: ='Beginning of Year'!$B$20 -> Files and records are maintained in an orderly and systematic manner which can be used and understood by others in the employee’s absence.
B21: ='Beginning of Year'!$B$21 -> Ensures office supplies are sufficiently stocked.
B22: ='Beginning of Year'!$B$22 -> Maintains personnel documents concerning attendance, evaluations, related confidential matters, etc.
B23: ='Beginning of Year'!B23 -> Supports a positive work environment that promotes equity, courtesy, and respect for all staff, students, parents, and the JPPSS community.
B24: ='Beginning of Year'!B24 -> Insert a Site Specific Indicator
B25: ='Beginning of Year'!B25 -> Insert a Site Specific Indicator
G26: End of Year Evaluation Ratings
B27: Overall Section One: Office Management Performance Indicators Ratings Total: | G27: =SUM(G17:J25) -> 0
B28: Overall Section One: Office Management Performance Indicators Ratings Average: | G28: =AVERAGE(G17:J25) -> #DIV/0!
B29: Section Two: Communication/Calendar Performance Indicators | G29: End of Year Evaluation Ratings
B30: ='Beginning of Year'!$B$29 -> Communicates in a positive and effective manner with staff, students, co-workers, parents, and/or visitors.
B31: ='Beginning of Year'!$B$30 -> Ensures callers and visitors are provided with the correct information
B32: ='Beginning of Year'!$B$31 -> Responds to voicemail and emails within 1 business day.
B33: ='Beginning of Year'!$B$32 -> Maintains confidential information and communications in an ethical manner.
B34: ='Beginning of Year'!$B$33 -> Reports,records, and correspondence are prepared and distributed appropriately and timely.
B35: ='Beginning of Year'!$B$34 -> Works as a competent member of the team, willingly provides back-up support for co-workers, and actively supports group goals.
B36: ='Beginning of Year'!$B$35 -> Produces professional correspondence with appropriate grammar, punctuation, and spelling.
B37: ='Beginning of Year'!$B$36 -> Insert a Site Specific Indicator
B38: ='Beginning of Year'!$B$37 -> Insert a Site Specific Indicator
G39: End of Year Evaluation Ratings
B40: Overall Section Two: Communication/Calendar Performance Indicators Ratings Total: | G40: =SUM(G30:J38) -> 0
B41: Overall Section Two: Communication/Calendar Performance Indicators Ratings Average: | G41: =AVERAGE(G30:J38) -> #DIV/0!
B42: Section Three: Work Management/Other Performance Indicators | G42: End of Year Evaluation Ratings
B43: ='Beginning of Year'!$B$41 -> Processes data requests clearly and accurately .
B44: ='Beginning of Year'!$B$42 -> Balances conflicting priorities in order to manage workflow, ensure the completion of essential projects, and meet critical deadlines.
B45: ='Beginning of Year'!$B$43 -> Demonstrates a strong sense of personal responsibility for solving problems.
B46: ='Beginning of Year'!$B$44 -> Utilizes analytical skills and a broad understanding of the business to effectively interpret needs.
B47: ='Beginning of Year'!$B$45 -> Displays careful attention to detail and monitors all areas of own work to ensure quality.
B48: ='Beginning of Year'!$B$46 -> Exhibits skill and knowledge in the operation, use, and care of office equipment.
B49: ='Beginning of Year'!$B$47 -> Willingly accepts and applies suggestions for improvement.
B50: ='Beginning of Year'!$B$48 -> Insert a Site Specific Indicator
B51: ='Beginning of Year'!$B$49 -> Insert a Site Specific Indicator
G52: End of Year Evaluation Ratings
B53: Overall Section Three: Work Management/Other Performance Indicators Ratings Total: | G53: =SUM(G43:J51) -> 0
B54: Overall Section Three: Work Management/Other Performance Indicators Ratings Average: | G54: =AVERAGE(G43:J51) -> #DIV/0!
B55: FINAL OVERALL SCORE
B56: Employee's final ratings are automatically calculated to generate the employee's Total Overall Rating.
B57: 4.00-3.50 Highly Effective – Performance of employee noticeably exceeds established expectations and standards for effectiveness, efficiency and timeliness; outcomes are well above fully competent performance; performs above and beyond job duties, explores improved methods of accomplishing tasks; minimal room for improvement.
B58: 3.49-2.50 Effective: Proficient- Performance of employee is acceptable and standard results are achieved. Employee is fully capable in most aspects of job performance.
B59: 2.49-1.50 Effective: Emerging – Performance of employee is occasionally unacceptable. Counseling and training is necessary.
B60: 1.49-1.00 Ineffective – Performance of employee is consistently unacceptable. Counseling and training has not resulted in improved work performance.
D61: End of Year Evaluation Scores
B62: Section One: Office Management Average | D62: =$G$28 -> #DIV/0!
B63: Section Two: Communication/Calendar Average | D63: =$G$41 -> #DIV/0!
B64: Section Three: Work Management/Other Average | D64: =$G$54 -> #DIV/0!
B65: Evaluation Final Overall Score | D65: =AVERAGE(D62:J64) -> #DIV/0!
B66: COMMENTS
B67: Please share any additional comments
B68: Type any evaluator comments below:
B72: Evaluatee: Please share specific evidence and results to support you meeting the Professional Competencies and Performance Indicators
B76: SIGNATURES AND NEXT STEPS
B77: Signing the printed copy does not necessarily indicate agreement with the evaluation.
B78: Print the completed form, sign below. Be sure to make two copies of the signed form- one copy for your records and one copy for your employee. Please enter the employee's overall evaluation score into your End of the Year Evaluation Worksheet. Submit the original form and the completed End of the Year Evaluation Worksheet to your Performance Team contact.
B79: Employee's signature:
B80: Date End of Year Completed:
B81: Evaluator's signature:
B82: Date End of Year Completed:

Sheet Manager Evaluation Summary
A1: 4. Communication • Is effective in oral and written skills • Is able to communicate well to manage conflict and deal effectively with problem situations • Is tactful when handling situations and difficulties
B2: Administrative/Clerical Employee Evaluation 2012-2013 Manager Evaluation Summary
B3: Type Employee's Name (first and last) | C3: =#REF! -> #REF!
B4: Type Employee's JPPSS ID Number | C4: ='Beginning of Year'!#REF! -> #REF!
B5: Choose Employee's School/Location | C5: =#REF! -> #REF!
B6: Choose Employee Unit (Central office staff only) | C6: =#REF! -> #REF!
B7: Choose Employee's Position | C7: =#REF! -> #REF!
B8: Type Manager's Name (first and last) | C8: =#REF! -> #REF!
B9: JPPSS ADMINISTRATIVE/CLERICAL PERFORMANCE INDICATORS
B10: FINAL OVERALL SCORE
B11: Employee's final ratings are automatically calculated to generate the employee's Total Overall Rating.
B12: 4.00-3.50 Highly Effective – Performance of employee noticeably exceeds established expectations and standards for effectiveness, efficiency and timeliness; outcomes are well above fully competent performance; performs above and beyond job duties, explores improved methods of accomplishing tasks; minimal room for improvement.
B13: 3.49-2.50 Effective: Proficient- Performance of employee is acceptable and standard results are achieved. Employee is fully capable in most aspects of job performance.
B14: 2.49-1.50 Effective: Emerging – Performance of employee is occasionally unacceptable. Counseling and training is necessary.
B15: 1.49-1.00 Ineffective – Performance of employee is consistently unacceptable. Counseling and training has not resulted in improved work performance.
D16: Mid-Year Manager Evaluation Scores | I16: End of Year Manager Evaluation Scores
B17: Section One: Office Management Average | D17: =#REF! -> #REF! | I17: ='End of Year Evaluation'!D62 -> #DIV/0!
B18: Section Two: Communication/Calendar Average | D18: =#REF! -> #REF! | I18: ='End of Year Evaluation'!D63 -> #DIV/0!
B19: Section Three: Work Management/Other Average | D19: =#REF! -> #REF! | I19: ='End of Year Evaluation'!D64 -> #DIV/0!
B20: Manager Evaluation Final Overall Score | D20: =AVERAGE(D17:I19) -> #REF! | I20: ='End of Year Evaluation'!D65 -> #DIV/0!

Sheet goals 
A1: Goals
A2: 1. As reported in system-wide end of year survey, 85% of customers report they are provided with accurate, timely, and courteous service from Employee Services.
A3: 2. 85% of new hires complete the hiring/on-boarding process within 2 weeks or less.
A4: 3. 90% of new hires report they are satisfied or highly satisfied with the on-boarding process.
A5: 4. Insert Goal #4
A6: 5. Insert Goal #5

Sheet schools
A1: Locations
A2: Central Office Staff
A3: A. C. Alexander Elementary School
A4: Airline Park Academy for Advanced Studies
A5: Alice Birney Elementary School
A6: Allen Ellender School
A7: Bissonet Plaza Elementary School
A8: Bonnabel Magnet Academy High School
A9: Bridgedale Elementary School
A10: Catherine Strehle Elementary School
A11: Chateau Estates Elementary School
A12: Congetta Trippe Janet Elementary School
... A82: Woodmere Elementary School

Sheet unit
A1: Unit
A2: Finance
A3: Human Capital
A4: Office of Superintendent
A5: Operations
A6: School Networks
A7: Strategic Initiatives
A8: Student Support

Sheet position
A1: Position
A2: Accounts Payable Clerk
A3: Adminstrative Assistant
A4: Assistant Secretary
A5: Auxiliary Grants Clerk
A6: Bilingual Intake/Registration Clerk
A7: Binding Technician
A8: Clerk, Medicaid
A9: Clerk, Title I
A10: Community Programs, Account Clerk
A11: Desktop Publishing Technician
A12: Emergency Management Admin Assistant
... A35: Transportation Payroll Clerk

Sheet Sheet1

Sheet Sheet2
